 Dungeon Crawl Stone Soup version 0.30-a0-263-ge22c4ad894 (webtiles) character file.

Game seed: 3385075191743070125

11 blackman the Sneak (level 2, -3/24 HPs)
             Began as a Human Delver on Oct 13, 2022.
             Was an Initiate of Hepliaklqana.
             Killed from afar by a white imp (8 damage)
             ... with a puff of frost
             ... on level 5 of the Dungeon.
             The game lasted 00:02:31 (861 turns).

blackman the Sneak (Human Delver)                    Turns: 861, Time: 00:02:32

Health: -3/24      AC:  3    Str: 12    XL:     2   Next: 40%
Magic:  2/2        EV: 12    Int: 10    God:    Hepliaklqana [......]
Gold:   25         SH:  0    Dex: 14    Spells: 1/1 levels left

rFire   . . .      SeeInvis .    a - +0 falchion
rCold   . . .      Faith    .    (no shield)
rNeg    . . .      Spirit   .    b - +0 leather armour
rPois   .          Reflect  .    (no helmet)
rElec   .          Harm     .    (no cloak)
rCorr   .          Rampage  .    (no gloves)
Will    .....                    (no boots)
Stlth   +++.......               (no amulet)
HPRegen 0.24/turn                (no ring)
MPRegen 0.08/turn                (no ring)

@: no status effects
A: no striking features
a: Renounce Religion


You were on level 5 of the Dungeon.
You worshipped Hepliaklqana.
Hepliaklqana was noncommittal.
You visited 2 branches of the dungeon, and saw 3 of its levels.

You collected 25 gold pieces.

Inventory:

Hand Weapons
 a - a +0 falchion (weapon)
Armour
 b - a +0 leather armour (worn)
 d - a +0 scale mail
Wands
 g - a wand of digging (3)
Scrolls
 c - a scroll of fog
 e - a scroll of fear
Potions
 h - a potion of attraction {unknown}
 i - a potion of heal wounds {unknown}
 j - a potion of brilliance {unknown}


   Skills:
 - Level 3.0 Fighting
 + Level 2.9 Long Blades
 - Level 2.0 Dodging
 - Level 5.0 Stealth


You had one spell level left.
You didn't know any spells.
Your spell library was empty.

Dungeon Overview and Level Annotations

Branches:
Dungeon (6/15)             Temple (1/1) D:5

Altars:
Dithmenos
Fedhas
Gozag
Hepliaklqana
Kikubaaqudgha
Makhleb
Okawaru
Qazlal
Sif Muna
Wu Jian
Yredelemnul
Zin


Message History

You start waiting.
Done waiting.
The white imp shouts!
The white imp hits you. The white imp freezes you.
You closely miss the white imp. The white imp gestures at you.
The puff of frost hits you.
You hit the white imp.
The white imp is lightly wounded.
The white imp closely misses you.
You closely miss the white imp.
The white imp is lightly wounded.
The white imp closely misses you.
You hit the white imp but do no damage.
The white imp is lightly wounded.
The white imp barely misses you.
You hit the white imp.
The white imp is moderately wounded.
The white imp gestures at you. The puff of frost hits you.
You closely miss the white imp.
The white imp is moderately wounded.
The white imp hits you but does no damage.
You hit the white imp but do no damage.
The white imp is moderately wounded.
The white imp closely misses you.
The white imp hits you but does no damage.
You hit the white imp.
The white imp is severely wounded.
The white imp closely misses you.
You hit the white imp.
The white imp is almost dead.
The white imp gestures at you. The puff of frost hits you.
* * * LOW HITPOINT WARNING * * *
You barely miss the white imp.
The white imp is almost dead.
The white imp gestures at you. The puff of frost hits you!
You die...

# . .# .# #### .##
..###..###.#.
#####..#.......Y#.
#......#........#.
#######.... #........#.
#.....5..# ###+#####.
#......@.######.........
#..####..##...#.........
####..##...'.........
#.....#....#.........
#.)...'....#.........
########+###.........
.........######
.........+ .........#


You could see a white imp.

Vanquished Creatures
  A shadow imp (D:5)
  2 orcs (D:5)
3 creatures vanquished.

Notes
Turn   | Place    | Note
-------+----------+-------------------------------------------
     0 | D:5      | blackman the Human Delver began the quest for the Orb.
     0 | D:5      | Reached XP level 1. HP: 18/18 MP: 1/1
    12 | D:6      | Noticed a wight
    12 | D:6      | Noticed a wight
    12 | D:6      | Noticed a wight
    12 | D:6      | Noticed a wight
    52 | D:5      | Found a staircase to the Ecumenical Temple.
    62 | Temple   | Entered the Ecumenical Temple
   124 | Temple   | Became a worshipper of Hepliaklqana the Forgotten
   198 | D:5      | Reached XP level 2. HP: 5/24 MP: 2/2
   562 | D:5      | Noticed a scorpion
   593 | D:5      | Noticed an ice beast
   861 | D:5      | Killed from afar by a white imp

Illustrated notes

Levels and vault maps discovered:
D:5:      layout_gridville, minmay_temple_entry_trees, uniq_edmund
D:6:      layout_basic, kennysheep_mini_moat, serial_shops, nicolae_shop_stone,
          uniq_crazy_yiuf_cottage
Temple:   regret_index_temple_sigil_plot

Action                   || total
-------------------------++-------
Melee: Falchion          ||    31
       Punch             ||     1
  Use: Scroll            ||     1
       Potion            ||     1
 Stab: Sleeping          ||     1
Armor: Leather armour    ||     2
Dodge: Dodged            ||    14

Table legend: (Time is in decaauts)
 A = Elapsed time spent in this place.
 B = Non-inter-level travel time spent in this place.
 C = Inter-level travel time spent in this place.
 D = Time resting spent in this place.
 E = Time spent auto-exploring this place.
 F = Levels seen in this place.
 G = Mean time per level.
                   A        B        C        D        E       F      G
               +--------+--------+--------+--------+--------+-----+--------+
         Total |    847 |    814 |     33 |    506 |     43 |   3 |  282.3 |
       Dungeon |    764 |    764 |      0 |    506 |      6 |   2 |  382.0 |
        Temple |     82 |     49 |     33 |      0 |     37 |   1 |   82.0 |
               +--------+--------+--------+--------+--------+-----+--------+

Top non-repeatable levels by time:
     D:5: 760 daAuts
  Temple: 82 daAuts
     D:6: 4 daAuts
